AoeStats
← Jimbo990

African Clearing

519627723Analyzed
4v4 RM · 8d ago on Nov 8, 2026· 77m 52s· 8 players
Game mode
Random Map
Map size
Large (8 player)
Population
200
Speed
Normal
Resources
Standard
Victory
Conquest
Starting age
Dark Age
Ending age
Imperial Age
RankedLock teamsTeams togetherTeam positionsShared explorationLock speedFull tech treeHidden civsTurbo modeCheats
Victory
Defeat
🇹🇷 Saracens · Türkiye
685
+7
🇨🇴 Khmer · Colombia
674
+7
🇺🇸 Hindustanis · United States
646
+8
🇺🇸 Aztecs · United States
569
+10
vs
🇬🇧 Portuguese · United Kingdom
608
-12
🇷🇺 Danes · Russia
411
-7
🇬🇧 Burmese · United Kingdom
400
-7
🇩🇪 Goths · Germany
361
-6
Light
6:06 Loom
16:51 Feudal Age
17:19 Double-Bit Axe
18:17 Town Watch
24:09 Castle Age
24:45 Fletching
24:37 Crossbowman
25:32 Bodkin Arrow
Jimbo990
15:14 Feudal Age
16:38 Double-Bit Axe
26:43 Castle Age
26:44 Pikeman
31:29 Murder Holes
31:45 Masonry
31:18 Horse Collar
33:12 Heavy Plow
38:46 Imperial Age
37:11 Bow Saw
38:20 Circumnavigation
40:18 Arquebus
40:45 Fortified Wall
42:18 Chemistry
43:25 Elite Organ Gun
45:09 Ballistics
45:52 Forging
46:45 Crop Rotation
46:13 Town Watch
47:03 Wheelbarrow
46:13 Loom
48:22 Bombard Tower
51:19 Hand Cart
52:11 Two-Man Saw
52:36 Town Patrol
52:00 Cavalier
52:41 Husbandry
52:52 Scale Barding Armor
52:47 Scale Mail Armor
52:48 Padded Archer Armor
52:39 Fletching
52:22 Sappers
53:12 Conscription
71:07 Architecture
KrawatteFaser37
4:12 Loom
19:07 Feudal Age
20:28 Wheelbarrow
19:39 Town Watch
19:19 Man-at-Arms
19:53 Double-Bit Axe
19:56 Horse Collar
25:33 Padded Archer Armor
25:24 Fletching
25:45 Forging
32:21 Castle Age
32:46 Crossbowman
34:53 Hand Cart
34:43 Heavy Plow
35:00 Scale Mail Armor
36:18 Pikeman
38:00 Elite Skirmisher
39:38 Husbandry
39:48 Bloodlines
39:36 Light Cavalry
41:36 Bodkin Arrow
44:56 Leather Archer Armor
44:47 Scale Barding Armor
45:19 Iron Casting
46:28 Ballistics
46:04 Murder Holes
49:38 Long Swordsman
55:23 Chain Barding Armor
59:58 Imperial Age
60:05 Chain Mail Armor
direoa01
10:33 Loom
21:54 Feudal Age
26:29 Castle Age
25:44 Stone Mining
25:47 Gold Mining
34:53 Horse Collar
36:09 Heavy Plow
37:13 Forging
37:03 Scale Mail Armor
37:11 Scale Barding Armor
37:03 Fletching
39:16 Wheelbarrow
40:11 Bloodlines
40:02 Husbandry
40:57 Caravan
43:28 Fortified Wall
43:29 Masonry
43:00 Treadmill Crane
43:18 Murder Holes
43:46 Ballistics
45:05 Chain Barding Armor
44:47 Padded Archer Armor
50:20 Imperial Age
52:12 Elite Skirmisher
53:55 Chemistry
53:28 Architecture
53:35 Arson
53:50 Squires
53:36 Gambesons
57:00 Gambesons
56:36 Pikeman
60:44 Conscription
Cuauhocelotl831
8:25 Loom
24:24 Feudal Age
25:53 Wheelbarrow
32:12 Castle Age
30:16 Stone Mining
32:54 Gold Mining
32:56 Double-Bit Axe
34:05 Hand Cart
34:36 Gold Shaft Mining
34:31 Bow Saw
39:22 Imperial Age
37:31 Town Watch
38:49 Town Patrol
43:49 Garland Wars
43:50 Conscription
44:48 Pikeman
45:29 Squires
44:54 Onager
46:41 Stone Shaft Mining
45:49 Eagle Warrior
48:35 Forging
48:25 Scale Mail Armor
48:47 Elite Eagle Warrior
50:46 Iron Casting
50:26 Chain Mail Armor
52:34 Blast Furnace
54:18 Plate Mail Armor
54:45 Siege Onager
59:23 Man-at-Arms
59:48 Gambesons
62:14 Fletching
73:14 Spies/Treason
ethangoebel8
16:08 Feudal Age
17:27 Wheelbarrow
16:38 Horse Collar
17:32 Gold Mining
18:10 Man-at-Arms
18:57 Double-Bit Axe
25:07 Castle Age
23:19 Scale Mail Armor
23:24 Scale Barding Armor
23:10 Fletching
JaguarAndino
8:03 Loom
18:33 Feudal Age
19:06 Double-Bit Axe
19:25 Arson
19:01 Man-at-Arms
20:18 Stone Mining
20:40 Scale Mail Armor
24:53 Wheelbarrow
24:02 Horse Collar
31:57 Castle Age
31:07 Gold Mining
33:01 Hand Cart
34:38 Gold Shaft Mining
34:40 Stone Shaft Mining
36:21 Heavy Plow
36:35 Bow Saw
36:38 Scale Barding Armor
36:43 Forging
43:36 Pikeman
44:39 Chain Barding Armor
43:47 Elite Skirmisher
45:31 Caravan
46:02 Coinage
46:22 Murder Holes
46:48 Ballistics
50:58 Imperial Age
48:36 Crossbowman
51:08 Capped Ram
51:12 Heavy Scorpion
52:16 Conscription
52:47 Tusk Swords
56:07 Chemistry
55:18 Fortified Wall
55:36 Double Crossbow
56:16 Banking
55:16 Elite Ballista Elephant
55:59 Siege Ram
57:35 Redemption
57:33 Devotion
62:07 Theocracy
61:29 Herbal Medicine
61:57 Sanctity
62:03 Illumination
61:51 Fervor
72:40 Onager
73:00 Spies/Treason
UğuRR
3:40 Loom
16:00 Feudal Age
17:17 Wheelbarrow
16:29 Double-Bit Axe
18:26 Horse Collar
22:33 Bloodlines
24:45 Man-at-Arms
25:34 Gold Mining
25:38 Stone Mining
29:13 Castle Age
30:06 Bow Saw
30:13 Hand Cart
31:01 Heavy Plow
31:58 Gold Shaft Mining
31:35 Caravan
37:56 Husbandry
41:07 Murder Holes
41:24 Fortified Wall
45:41 Imperial Age
43:43 Masonry
43:55 Ballistics
44:35 Scale Barding Armor
44:30 Scale Mail Armor
44:40 Forging
44:21 Fletching
44:31 Padded Archer Armor
45:37 Chain Barding Armor
45:11 Town Watch
46:14 Chain Mail Armor
46:05 Squires
45:57 Gambesons
45:59 Arson
47:30 Chemistry
46:16 Arrowslits
46:37 Siege Engineers
46:47 Fervor
46:46 Elite Mameluke
48:02 Hoardings
47:48 Conscription
47:39 Counterweights
49:13 Two-Man Saw
48:49 Town Patrol
52:01 Plate Barding Armor
51:56 Plate Mail Armor
52:01 Iron Casting
51:21 Bodkin Arrow
51:41 Leather Archer Armor
59:32 Blast Furnace
58:32 Bracer
59:02 Ring Archer Armor
63:32 Onager
70:52 Spies/Treason
Connection lost

Rejoining the realm…

Still unreachable

The connection could not be restored.

Session expired

The server has moved on; the page needs a fresh start.